 Dungeon Crawl Stone Soup version 0.32-a0-612-g1c984fe9d1 (webtiles) character file.

Game seed: 16640993134058264118

28225 cforsyth the Fighter (level 13, -31/119 (125) HPs)
             Began as a Mountain Dwarf Necromancer on Mar 4, 2024.
             Was an Elder of Kikubaaqudgha.
             Killed from afar by Frances (45 damage)
             ... with an iron shot
             ... on level 11 of the Dungeon.
             The game lasted 00:44:48 (19334 turns).

cforsyth the Fighter (Mountain Dwarf Necromancer)  Turns: 19334, Time: 00:44:48

HP:   -31/119 (125) AC: 19    Str: 12    XL:     13   Next: 8%
MP:   15/15         EV:  8    Int: 26    God:    Kikubaaqudgha [****..]
Gold: 1423          SH: 10    Dex: 10    Spells: 6/15 levels left

rFire   . . .        A - +8 trident of the Octopus King {venom, rElec rPois}
rCold   . . .        Q - +0 kite shield
rNeg    . . .        n - +0 plate armour
rPois   +            h - +1 helmet
rElec   +            s - +0 cloak
rCorr   .            (no gloves)
SInv    .            (no boots)
Will    +....        k - amulet of magic regeneration Stlth
                     I - +6 ring of intelligence
HPRegen 0.39/turn    E - +5 ring of evasion
MPRegen 0.54/turn

%: no passive effects
@: mighty, about to teleport, hasted, lightly drained, very quick
A: runic magic, artefact enchanting
a: Renounce Religion, Unearth Wretches


You were on level 11 of the Dungeon.
You worshipped Kikubaaqudgha.
Kikubaaqudgha was greatly pleased with you.
You visited 1 branch of the dungeon, and saw 12 of its levels.
You also visited: Sewer and Bailey.

You collected 1423 gold pieces.


Innate Abilities, Weirdness & Mutations

Your spellcasting is much less encumbered by armour.
You can use scrolls of enchantment on lesser artefacts.


   Skills:
 + Level 14.5 Fighting
 + Level 11.6 Armour
 - Level 1.3 Dodging
 - Level 1.4 Stealth
 - Level 8.9 Shields
 - Level 1.7 Spellcasting
 - Level 12.0 Necromancy


You had 6 spell levels left.
You knew the following spells:

 Your Spells              Type           Power      Damage    Failure   Level
a - Animate Dead          Necr           59%        N/A       6%          4
n - Dispel Undead         Necr           59%        3d21      6%          4
X - Necrotise             Necr           100%       1d9       1%          1

Your spell library contained the following spells:

 Spells                   Type           Power      Damage    Failure   Level
 Sublimation of Blood     Necr           59%        N/A       1%          2
 Vampiric Draining        Necr           59%        2d10      1%          3
 Curse of Agony           Necr           59%        N/A       17%         5
 Cigotuvi's Dreadful Rot  Necr/Alch/Air  46%        N/A       24%         2
 Martyr's Knell           Necr/Summ      33%        N/A       56%         4
 Magic Dart               Conj           8%         1d3       63%         1
 Sting                    Conj/Alch      8%         1d3       63%         1
 Death Channel            Necr           29%        N/A       67%         6
 Mercury Vapours          Alch/Air       4%         N/A       77%         2
 Leda's Liquefaction      Alch/Erth      1%         N/A       100%        4
 Olgreb's Toxic Radiance  Alch           2%         N/A       100%        4
 Lee's Rapid Deconstruct  Erth           1%         3d4*      100%        5
 Bombard                  Conj/Erth      1%         9d1       100%        6

Inventory:

Hand Weapons
 j - a +1 whip
 A - the +8 trident of the Octopus King (weapon) {venom, rElec rPois}
   (You took it off a gnoll on level 5 of the Dungeon)

   rElec:     It insulates you from electricity.
   rPois:     It protects you from poison.
 J - a +0 war axe
Missiles
 w - 17 poisoned darts
 x - 2 curare-tipped darts {=f}
 M - a throwing net {=f}
Armour
 h - a +1 helmet (worn)
 n - a +0 plate armour (worn)
 s - a +0 cloak (worn)
 Q - a +0 kite shield (worn)
Jewellery
 c - a ring of ice
 k - an amulet of magic regeneration (around neck)
 C - a ring of protection from cold
 E - a +5 ring of evasion (right hand)
 I - a +6 ring of intelligence (left hand)
Wands
 i - a wand of flame (4)
 o - a wand of warping (8)
 H - a wand of paralysis (19)
Scrolls
 e - a scroll of teleportation {@r2}
 g - 3 scrolls of poison
 m - a scroll of fog
 q - 8 scrolls of enchant weapon
 y - 5 scrolls of enchant armour
 z - a scroll of revelation
 F - 2 scrolls of amnesia
 K - a scroll of vulnerability
 N - 3 scrolls of identify {@r1}
 P - 2 scrolls of noise
Potions
 a - 8 potions of curing {@q1}
 b - 2 potions of magic
 d - a potion of heal wounds {@q2}
 f - 3 potions of ambrosia
 l - 5 potions of mutation
 p - 2 potions of lignification
 r - a potion of invisibility
 t - 4 potions of might
 u - a potion of experience
 v - a potion of cancellation
 B - a potion of haste {@q3}
 D - 2 potions of brilliance
 G - a potion of resistance {unknown}
 L - 3 potions of enlightenment
Miscellaneous
 O - a sack of spiders (inert)

Dungeon Overview and Level Annotations

Branches:
Dungeon (12/15)            Temple (0/1) D:7            Lair (0/5) D:11
    Orc (0/2) D:12          Sewer (visited)          Bailey (visited)

Altars:
Cheibriados
Gozag
Kikubaaqudgha
Ru
Sif Muna
Trog
Uskayaw
Vehumet
Wu Jian

Shops:
D:1 (   D:2 =   D:4 =

Annotations:
D:1 1 transporter
D:3 1 runed translucent door, Crazy Yiuf
D:11 Frances

###### #....#####
##.##.#....
#########.....#.##.
#.@...#.........##(
#.###.#.##########.
#####.....#....# #.
#....@....####.## #####
#.........#.....###.# #
#.3.......#.........# #
#>..........#...#...### #
###.........#.#.........#
#
#.............#.###.###.#


You could see Frances (fast, very poisoned) and a smoke demon (summoned).


Message History

Unknown command.
You feel much better.
Frances whispers indecipherable words.
You barely miss Frances.
Frances is moderately wounded.
Frances mutters in a terrible tongue.
The shard of ice hits you!!
* * * LOW HITPOINT WARNING * * *
Frances hits you but does no damage.
Unknown command.
Unknown command.
Unknown command.
Okay, then.
Unknown command.
You feel much better. You block Frances's attack.
As you read the scroll of teleportation {@r2}, it crumbles to dust.
You feel strangely unstable. You block the smoke demon's attack.
The smoke demon closely misses you. The smoke demon completely misses you.
Frances barely misses you.
Unknown command.
Unknown command.
The smoke demon gestures at you. Something smites you!
* * * LOW HITPOINT WARNING * * *
Frances says, "I speak the language of demons!"
Unknown command.
Frances whispers indecipherable words.
The iron shot hits you!!!
You die...
Kikubaaqudgha rasps: You have failed me!
Welcome... death!

Skill      XL: |  1  2  3  4  5  6  7  8  9 10 11 12 |
---------------+-------------------------------------+-----
Fighting       | 1 2 4 5 7 9 10 12 14 | 14.5
Necromancy     | 5 6 7 8 10 11 12 | 12.0
Armour         | 5 8 11 | 11.6
Shields        | 8 |  8.9
Dodging        | |  1.3
Stealth        | |  1.4
Spellcasting   | |  1.7

Action                     |  1- 3 |  4- 6 |  7- 9 | 10-12 | 13-15 || total
---------------------------+-------+-------+-------+-------+-------++-------
  Melee: Unarmed           |    22 |       |       |       |       ||    22
         Whip              |       |       |    18 |       |       ||    18
         Trident           |       |       |   108 |   443 |    12 ||   563
   Cast: Necrotise         |    70 |    96 |   257 |   193 |     4 ||   620
         Animate Dead      |       |       |       |    15 |       ||    15
  Evoke: Wand              |       |       |       |    21 |       ||    21
         Sack of spiders   |       |       |       |     1 |       ||     1
    Use: Scroll            |       |     3 |     7 |    18 |     1 ||    29
         Potion            |       |       |     2 |     7 |     4 ||    13
   Stab: Distracted        |       |       |       |     1 |       ||     1
 Armour: Robe              |    26 |       |       |       |       ||    26
         Plate armour      |       |    52 |   303 |   737 |    12 ||  1104
  Dodge: Dodged            |    14 |     1 |   130 |   341 |     4 ||   490
  Block: Kite shield       |       |       |       |       |     7 ||     7

Levels and vault maps discovered:
D:1:      spicycebolla_arrival_risky_transporter, layout_loops_ring,
          serial_shops, nicolae_shop_bloodbath_and_beyond,
          hellmonk_ecumenical_altar_arch_garden,
          amcnicky_mini_rare_corridor_liquid, roderic_lattice_a
D:2:      layout_basic, serial_co_window_serial, co_window_corner_a,
          co_window_corner_a, co_window_cross_1, co_window_corner_a,
          co_window_paths_a, co_window_unsneaky_path_e, co_window_paths_c,
          co_window_paths_c, co_window_cross_4, co_window_paths_c,
          co_window_unsneaky_path_c, co_window_paths_e, glass_columns_b,
          serial_shops, shop, minmay_quantized
D:3:      layout_basic, uniq_crazy_yiuf_cottage, uniq_sigmund
D:4:      kennysheep_big_flooded_room, layout_cave_pods, marbit_many_paths,
          mainiacjoe_overflow_alcove_2, nicolae_tso_swordbearing_angel,
          serial_shops, nicolae_stop_n_shop_1
D:5:      layout_loops_ring, grunt_temple_overflow_magic_moments,
          kennysheep_little_box, portal_sewer_entry_b, minivault_14
D:6:      layout_layer_cave, nicolae_overflow_squiral, serial_glass,
          glass_columns_b, glass_columns_b, glass_columns_c, glass_columns_c,
          glass_columns_a, glass_columns_a, glass_columns_c, glass_columns_b,
          glass_columns_b, glass_columns_a, uniq_blork_the_orc
D:7:      layout_layer_cave, minmay_temple_entry_purple_smoke, uniq_joseph,
          uniq_maggie, uniq_jeremiah, uniq_prince_ribbit1
D:8:      layout_rooms
D:9:      minmay_four_partial_circles, layout_basic,
          mainiacjoe_overflow_brackets, enter_bailey_7
D:10:     layout_basic, hangedman_fish_farm, uniq_snorg, uniq_lodul, uniq_fannar
D:11:     layout_basic, erik_lair_island
D:12:     layout_long_grid, kennysheep_orc_monster_closet_entryway,
          uniq_frances, uniq_nessos

Notes
Turn   | Place    | Note
-------+----------+-------------------------------------------
     0 | D:1      | cforsyth the Mountain Dwarf Necromancer began the quest for
                  | the Orb.
     0 | D:1      | Reached XP level 1. HP: 14/14 MP: 3/3
    25 | D:1      | Found Anteod's Weapon Boutique.
   212 | D:1      | Reached skill level 1 in Fighting
   286 | D:1      | Reached XP level 2. HP: 23/23 MP: 2/4
   460 | D:1      | Found a faded altar of an unknown god.
   891 | D:1      | Reached skill level 2 in Fighting
  1493 | D:2      | Reached XP level 3. HP: 29/29 MP: 3/5
  1511 | D:2      | Reached skill level 5 in Necromancy
  1599 | D:2      | Identified the +0 ring mail of the Sharing Gods {rN+ Str+3
                  | Int-4}
  2056 | D:2      | Found Qedunish's Jewellery Emporium.
  2470 | D:3      | Reached XP level 4. HP: 37/37 MP: 4/6
  2490 | D:3      | Noticed Sigmund
  2502 | D:3      | Killed Sigmund
  2503 | D:3      | Reached skill level 4 in Fighting
  2503 | D:3      | Reached skill level 6 in Necromancy
  2503 | D:3      | Reached XP level 5. HP: 46/46 MP: 5/7
  3053 | D:3      | Found a runed translucent door.
  3054 | D:3      | Noticed Crazy Yiuf
  3258 | D:4      | Found Odonidyg's Jewellery Shop.
  3267 | D:4      | Reached XP level 6. HP: 53/53 MP: 3/8
  3427 | D:4      | Found a bloodstained altar of Trog.
  3455 | D:4      | Reached skill level 5 in Fighting
  3592 | D:4      | Reached skill level 7 in Necromancy
  3625 | D:4      | Found an ornate altar of the Wu Jian Council.
  4032 | D:5      | Entered Level 5 of the Dungeon
  4058 | D:5      | Reached XP level 7. HP: 57/61 MP: 5/9
  4102 | D:5      | Found a glowing drain.
  4114 | Sewer    | Entered a sewer
  4214 | Sewer    | Reached skill level 6 in Fighting
  4656 | D:5      | Reached skill level 8 in Necromancy
  5135 | D:5      | Found an ancient bone altar of Kikubaaqudgha.
  5135 | D:5      | Found a shimmering blue altar of Sif Muna.
  5137 | D:5      | Found a radiant altar of Vehumet.
  5142 | D:5      | Got Vehumet's Excursus on Attacks
  5152 | D:5      | Became a worshipper of Kikubaaqudgha
  5219 | D:5      | Reached skill level 7 in Fighting
  5223 | D:5      | Reached XP level 8. HP: 69/73 MP: 7/10
  5269 | D:5      | Found a sacrificial altar of Ru.
  5905 | D:6      | Reached skill level 9 in Necromancy
  6114 | D:6      | Reached skill level 8 in Fighting
  6122 | D:6      | Noticed Blork the orc
  6140 | D:5      | Killed Blork the orc
  6470 | D:6      | Found a snail-covered altar of Cheibriados.
  6479 | D:6      | Found an opulent altar of Gozag.
  7288 | D:7      | Reached skill level 9 in Fighting
  7288 | D:7      | Reached skill level 10 in Necromancy
  7304 | D:7      | Noticed Maggie
  7341 | D:7      | Reached XP level 9. HP: 83/83 MP: 8/11
  7359 | D:7      | Killed Maggie
  7360 | D:7      | Reached skill level 1 in Armour
  7551 | D:7      | Noticed Joseph
  7702 | D:7      | Reached skill level 2 in Armour
  7869 | D:6      | Killed Joseph
  7870 | D:6      | Reached skill level 3 in Armour
  8097 | D:7      | Found a staircase to the Ecumenical Temple.
  8100 | D:7      | Reached * piety under Kikubaaqudgha
  8100 | D:7      | Received a gift from Kikubaaqudgha
  8110 | D:7      | Noticed Prince Ribbit
  8112 | D:7      | Noticed Jeremiah
  8155 | D:6      | Killed Prince Ribbit
  8419 | D:7      | Killed Jeremiah
  8420 | D:7      | Reached skill level 10 in Fighting
  8420 | D:7      | Reached skill level 4 in Armour
  8420 | D:7      | Reached skill level 11 in Necromancy
  9871 | D:8      | Reached skill level 5 in Armour
  9871 | D:8      | Reached XP level 10. HP: 83/94 MP: 4/12
 10047 | D:8      | Reached ** piety under Kikubaaqudgha
 10497 | D:9      | Identified a scroll of acquirement
 10497 | D:9      | Acquired 410 gold pieces
 10569 | D:9      | Found a hide-covered altar of Uskayaw.
 10781 | D:9      | Found a flagged portal.
 10810 | Bailey   | Entered a bailey
 10884 | Bailey   | Learned a level 4 spell: Animate Dead
 11036 | Bailey   | Reached *** piety under Kikubaaqudgha
 11036 | Bailey   | Received a gift from Kikubaaqudgha
 11042 | Bailey   | Reached skill level 11 in Fighting
 11042 | Bailey   | Reached skill level 6 in Armour
 11197 | Bailey   | Reached skill level 12 in Necromancy
 11596 | D:9      | Reached skill level 7 in Armour
 11894 | D:9      | Noticed a two-headed ogre
 11900 | D:9      | Killed a two-headed ogre
 11901 | D:9      | Reached skill level 12 in Fighting
 11979 | D:9      | Reached skill level 8 in Armour
 12465 | D:10     | Entered Level 10 of the Dungeon
 12518 | D:10     | Reached XP level 11. HP: 90/104 MP: 10/13
 12598 | D:10     | Noticed Snorg
 12609 | D:10     | Killed Snorg
 12837 | D:10     | Reached **** piety under Kikubaaqudgha
 12943 | D:10     | Noticed Fannar
 12969 | D:10     | Killed Fannar
 12970 | D:10     | Reached skill level 9 in Armour
 13429 | D:10     | Noticed Lodul
 13945 | D:9      | Found a hide-covered altar of Uskayaw.
 14589 | D:9      | Reached skill level 13 in Fighting
 14772 | D:9      | Found a hide-covered altar of Uskayaw.
 15214 | D:9      | Killed Lodul
 15746 | D:10     | Reached skill level 10 in Armour
 16051 | D:11     | Noticed a brown ugly thing
 16731 | D:11     | Killed a brown ugly thing
 17014 | D:11     | Reached skill level 14 in Fighting
 17416 | D:11     | Reached skill level 11 in Armour
 17546 | D:11     | Found a staircase to the Lair.
 18027 | D:11     | Learned a level 4 spell: Dispel Undead
 18031 | D:12     | Noticed a boulder beetle
 18218 | D:12     | Found a staircase to the Orcish Mines.
 18351 | D:12     | Reached XP level 12. HP: 65/118 MP: 14/14
 18650 | D:12     | Reached skill level 8 in Shields
 18650 | D:12     | Reached XP level 13. HP: 125/125 MP: 15/15
 19081 | D:12     | Noticed Frances
 19326 | D:11     | HP: 4/119 [Frances/shard of ice (31)]
 19334 | D:11     | Killed from afar by Frances

Vanquished Creatures
  Snorg (D:10)
  Fannar (D:10)
  A boulder beetle (D:12)
  Lodul (D:9)
  A manticore (D:11)
  An ugly thing (D:11)
  A cyclops (D:11)
  Joseph (D:6)
  Maggie (D:7)
  A gargoyle (D:12)
  Jeremiah (D:7)
  3 trolls
  A merfolk (D:10)
  Prince Ribbit (D:6)
  A shadow (D:11)
  Sigmund (D:3)
  A wraith (D:11)
  A steam dragon (D:10)
  10 yaks
  4 vampire mosquitoes (D:10)
  3 water moccasins
  6 ogres
  14 orc warriors
  A black bear (D:4)
  2 ice beasts
  4 wolves (D:11)
  4 centaurs
  A phantom (D:7)
  3 kobold brigands
  Blork the orc (D:5)
  3 gnoll sergeants
  4 bullfrogs
  3 scorpions (D:6)
  3 wights (D:10)
  8 killer bees
  12 howler monkeys
  6 electric eels
  A bombardier beetle (D:6)
  2 orc priests
  2 gnoll boudas
  8 hounds
  5 jellies
  3 sleepcaps
  3 iguanas
  7 orc wizards
  27 gnolls
  13 adders
  A white imp (D:8)
  An ufetubus (D:5)
  3 ribbon worms
  3 dart slugs
  66 orcs
  10 ball pythons
  5 bats
  6 endoplasms
  5 giant cockroaches
  13 goblins
  7 hobgoblins
  2 jackals (D:1)
  4 quokkas
  3 frilled lizards (D:1)
  12 kobolds
  8 rats
332 creatures vanquished.

Vanquished Creatures (collateral kills)
  A two-headed ogre (D:9)
  A yak (D:10)
  2 acid dragons (D:9)
  2 orc warriors (Bailey)
  3 ogres (D:9)
  A kobold brigand (D:12)
  A bullfrog (D:9)
  A gnoll bouda (D:9)
  2 orc wizards (D:9)
  3 gnolls
  An ufetubus (D:5)
  3 orcs
  2 kobolds (Sewer)
  2 rats
25 creatures vanquished.

Vanquished Creatures (others)
  A two-headed ogre zombie (D:9)
  A cyclops zombie (D:11)
  4 yak zombies
  A troll zombie (D:12)
  2 bullfrog zombies (D:9)
  A centaur zombie (D:10)
  4 killer bee zombies
  A kobold zombie (D:12)
  A kobold (D:7)
  14 orc zombies
30 creatures vanquished.

Grand Total: 387 creatures vanquished

Table legend: (Time is in decaauts)
 A = Elapsed time spent in this place.
 B = Non-inter-level travel time spent in this place.
 C = Inter-level travel time spent in this place.
 D = Time resting spent in this place.
 E = Time spent auto-exploring this place.
 F = Levels seen in this place.
 G = Mean time per level.
                   A        B        C        D        E       F      G
               +--------+--------+--------+--------+--------+-----+--------+
         Total |  19633 |  18836 |    797 |   4013 |  10713 |  14 | 1402.4 |
       Dungeon |  18444 |  17647 |    797 |   3849 |  10250 |  12 | 1537.0 |
         Sewer |    572 |    572 |      0 |      7 |    300 |   1 |  572.0 |
        Bailey |    616 |    616 |      0 |    157 |    163 |   1 |  616.0 |
               +--------+--------+--------+--------+--------+-----+--------+

Top non-repeatable levels by time:
     D:9: 2994 daAuts
    D:10: 2323 daAuts
     D:6: 2299 daAuts
    D:11: 2033 daAuts
     D:7: 1877 daAuts
     D:1: 1330 daAuts
     D:8: 1156 daAuts
     D:5: 1141 daAuts
     D:3: 1034 daAuts
     D:2: 1021 daAuts
     D:4: 644 daAuts
  Bailey: 616 daAuts
    D:12: 585 daAuts
   Sewer: 572 daAuts

Table legend:
 A = Non-vault XP
 B = Vault XP
 C = Vault XP percentage of total XP
 D = Non-vault monster count
 E = Vault monster count
 F = Vault count percentage of total count
                 A         B        C        D         E       F
            +---------+---------+-------+---------+---------+-------
      Total |   12818 |   10771 |  45.7 |     245 |     112 |  31.4
            +---------+---------+-------+---------+---------+-------
        D:1 |      39 |       0 |   0.0 |      25 |       0 |   0.0
        D:2 |      37 |      10 |  21.3 |      13 |       4 |  23.5
        D:3 |      48 |     214 |  81.7 |      19 |       1 |   5.0
        D:4 |     331 |       6 |   1.8 |      17 |       3 |  15.0
        D:5 |     468 |     100 |  17.6 |      24 |       5 |  17.2
        D:6 |    1004 |     719 |  41.7 |      18 |       2 |  10.0
        D:7 |    1222 |     793 |  39.4 |      20 |       2 |   9.1
        D:8 |     894 |     133 |  13.0 |      33 |       1 |   2.9
        D:9 |    1744 |    3473 |  66.6 |      31 |      24 |  43.6
       D:10 |    2983 |    2274 |  43.3 |      26 |       5 |  16.1
       D:11 |    2470 |     919 |  27.1 |      15 |       8 |  34.8
       D:12 |    1578 |     603 |  27.6 |       4 |       7 |  63.6
      Sewer |       0 |     271 | 100.0 |       0 |      19 | 100.0
     Bailey |       0 |    1256 | 100.0 |       0 |      31 | 100.0
            +---------+---------+-------+---------+---------+-------
